 Dungeon Crawl Stone Soup version 0.18-a0-867-gfd1cc8f (webtiles) character file.

17 Gorice the Skirmisher (level 2, -1/21 HPs)
             Began as an Octopode Wanderer on Dec 21, 2015.
             Slain by an adder (3 damage)
             ... on level 2 of the Dungeon.
             The game lasted 00:03:43 (808 turns).

Gorice the Skirmisher (Octopode Wanderer)            Turns: 808, Time: 00:03:43

Health: -1/21      AC:  1    Str: 13    XL:     2   Next: 62%
Magic:  2/2        EV: 11    Int: 15    God:
Gold:   45         SH:  0    Dex:  8    Spells: 0 memorised, 1 level left

rFire  . . .     SeeInvis +     a - +2 shortbow
rCold  . . .     Gourm    .     (shield currently unavailable)
rNeg   . . .     Faith    .     (helmet restricted)
rPois  .         Spirit   .     h - amulet of regeneration
rElec  .         Dismiss  .     n - ring of see invisible
rCorr  .         Reflect  .     (no ring)
SustAt .         Harm     .     (no ring)
MR     .....                    (no ring)
Stlth  +++.......               (no ring)
                                (no ring)
                                (no ring)
                                (no ring)

@: lethally poisoned (-1 -> -2), not resistant to hostile enchantments, fairly
stealthy
A: almost no armour, amphibious, 8 rings, constrict 8, camouflage 1, gelatinous
body 1
a: no special abilities


You were on level 2 of the Dungeon.
You were not hungry.

You visited 1 branch of the dungeon, and saw 2 of its levels.

You collected 45 gold pieces.

Inventory:

Hand Weapons
 a - a +2 shortbow (weapon)
 b - a +0 blowgun
 k - a +0 mace
Missiles
 d - 15 poisoned needles
 e - 45 arrows (quivered)
Jewellery
 h - an amulet of regeneration (around mantle)
 n - a ring of see invisible (left tentacle)
Scrolls
 i - 4 scrolls of identify {unknown}
 o - a scroll of remove curse {unknown}
Books
 c - the Compendium of Fire

   Spells                             Type                      Level
   a - Flame Tongue                   Conjuration/Fire             1
   b - Inner Flame                    Hexes/Fire                   3
Comestibles
 f - a bread ration {!e}
 j - 3 chunks of flesh
 l - 2 meat rations {!e}
 m - a slice of pizza


   Skills:
 + Level 3.3 Fighting
 * Level 2.3 Bows
 - Level 1.0 Throwing
 + Level 0.8 Dodging
 + Level 1.7 Stealth
   Level 2.0 Hexes
   Level 1.0 Earth Magic


You had one spell level left.
You didn't know any spells.

Dungeon Overview and Level Annotations

Branches:
Dungeon (2/15)

Altars:


Innate Abilities, Weirdness & Mutations

You cannot wear most types of armour.
You are amphibious.
You can wear up to eight rings at the same time.
You can use your tentacles to constrict eight enemies at once.
Your skin changes colour to match your surroundings (Stealth).
Your rubbery body absorbs attacks (AC +1).


Message History

Unknown command.
Firing (i - inventory):
e - 50 arrows (quivered)
Press: ? - help, Shift-Dir - straight line, f/p - adder
Aim: an adder You shoot an arrow.
The arrow misses the adder.
You feel sick. The adder misses you.
Firing (i - inventory):
e - 49 arrows (quivered)
Press: ? - help, Shift-Dir - straight line, f/p - adder
Aim: an adder You shoot an arrow.
The arrow hits the adder.
The adder is lightly wounded.
The adder bites you.
You are more poisoned.
The adder poisons you! The adder bites you.
Damage: 5 (max 5) Unknown command.
You feel sick. The adder barely misses you.
You feel sick.
Firing (i - inventory):
e - 48 arrows (quivered)
Press: ? - help, Shift-Dir - straight line, f - hobgoblin, p - adder
Aim: a hobgoblin You shoot an arrow.
The arrow closely misses the adder.
The arrow closely misses the hobgoblin.
You feel sick. The adder bites you.
You are more poisoned.
The adder poisons you! The adder closely misses you.
Damage: 4 (max 5) Firing (i - inventory):
e - 47 arrows (quivered)
Press: ? - help, Shift-Dir - straight line, f/p - hobgoblin
Aim: a hobgoblin You shoot an arrow.
The arrow misses the adder.
The arrow closely misses the hobgoblin.
You feel sick. The adder closely misses you.
Damage: 1 (max 5) Firing (i - inventory):
e - 46 arrows (quivered)
Press: ? - help, Shift-Dir - straight line, f/p - hobgoblin
Aim: a hobgoblin You shoot an arrow.
The arrow misses the adder.
The arrow hits the hobgoblin.
The hobgoblin is lightly wounded.
You feel sick. The adder bites you.
* * * LOW HITPOINT WARNING * * *
The adder closely misses you.
Damage: 4 (max 5) Unknown command.
You aren't carrying any potions.
Read which item? (? for menu, Esc to quit)
As you read the scroll labeled GACLAQ USAXTUS, it crumbles to dust.
The dust glows mottled aubergine!
It was a scroll of random uselessness.
You feel sick. The adder bites you.
You die...

#.# ..... #.##....(
#....... .....(#
#.....###
#####..(.....
####.....(......
####.######........
#......@Sg(........
#.#.#######.##.....
#.#..........# ....
#.#..######..# ...
#....<.......# ..
###.#.......## #
...#.#......
#####.#.##### #.# #


You could see an adder and a hobgoblin.

Vanquished Creatures
  A bat (D:1)
  3 giant cockroaches (D:1)
  4 goblins (D:1)
  2 hobgoblins (D:1)
  A kobold (D:1)
  2 ball pythons (D:1)
  A giant gecko (D:1)
  A rat (D:1)
15 creatures vanquished.

Notes
Turn   | Place    | Note
--------------------------------------------------------------
     0 | D:1      | Gorice the Octopode Wanderer began the quest for the Orb.
     0 | D:1      | Gorice set off with: a +2 shortbow, 29 arrows, the Compendium of Fire, 9 poisoned needles, a +0 blowgun, a bread ration {!e}
     0 | D:1      | Reached XP level 1. HP: 16/16 MP: 1/1
     0 | D:1      | Identified the Compendium of Fire
   146 | D:1      | Reached XP level 2. HP: 21/21 MP: 2/2
   807 | D:2      | HP: 3/21 [adder (4)]
   808 | D:2      | Slain by an adder

Vault maps used:
D:1:      mushboom_english_gardens, hangedman_abyss_or_decor_lesser_grid,
          minmay_misc_feat_five, kennysheep_crisscross, corner_web_ring
D:2:      xom_teletrap_fun, johnstein_pakellas_dig, minivault_24,
          nicolae_ru_the_path_less_chosen

Action                   || total
-------------------------++-------
 Fire: Shortbow          ||    29
  Use: Scroll            ||     1

Table legend:
 A = Turns spent in this place as a percentage of turns spent in the entire game.
 B = Non-inter-level travel turns spent in this place as a percentage of non-inter-level travel turns spent in the entire game.
 C = Inter-level travel turns spent in this place as a percentage of turns spent in this place.
 D = Turns resting spent in this place as a percentage of non-inter-level travel turns spent in this place.
 E = Turns spent auto-exploring this place as a percentage of non-inter-level travel turns spent in this place.
 F = Non-inter-level travel turns spent in this place divided by the number of levels of this place that you've seen.
                   A       B       C       D       E      F
               +-------+-------+-------+-------+-------+----------------------
         Total | 100.0 | 100.0 |   0.4 |   0.0 |   9.4 | 117.5
       Dungeon | 100.0 | 100.0 |   0.4 |   0.0 |   9.4 | 117.5
               +-------+-------+-------+-------+-------+----------------------

Vault maps used:
D:1:      mushboom_english_gardens, hangedman_abyss_or_decor_lesser_grid,
          minmay_misc_feat_five, kennysheep_crisscross, corner_web_ring
D:2:      xom_teletrap_fun, johnstein_pakellas_dig, minivault_24,
          nicolae_ru_the_path_less_chosen
